Map: Dusty Gorge

Players

HoaxBoate

  • Race: Zerg Zerg
  • Spawn Location: 5:00

llllllllllll

  • Race: Protoss Protoss
  • Spawn Location: 3:00

OldFart - Winner!

  • Race: Terran Terran
  • Spawn Location: 11:00

PureLegacy - Winner!

  • Race: Terran Terran
  • League: Master
  • Spawn Location: 9:00

VOD

Have the link to the VOD?

Description

Time

  • Played on: Dec. 5, 2018, 6:39 p.m.
  • Length: 4:11
Show
View Real Time Build Order
Export as new Build Order

HoaxBoate Zerg 

Build Orders: Pool Only, Ravager All-In 

Get SALT Encoding   

  12  0:18  Spawning Pool  
  11  0:24  Drone  
  11  0:28  Drone  
  13  0:31  Drone  
  14  0:37  Extractor x2  
  12  0:43  Drone  
  12  0:47  Drone  
  14  0:56  Overlord  
  14  1:12  Roach Warren  
  13  1:55  Roach x3  
  19  2:05  Overlord  
  19  2:15  Ravager x3  
  22  2:26  Roach  
  24  2:31  Roach  
  26  2:39  Roach  
  28  2:47  Ravager  
  29  2:55  Ravager  
  30  3:04  Overlord  
  30  3:28  Roach x2  
  30  3:30  Ravager  
  35  3:40  Roach  
  37  3:49  Ravager  
Show
View Real Time Build Order
Export as new Build Order

llllllllllll Protoss 

Build Orders:  

Get SALT Encoding   

  12  0:01  Probe  
  13  0:13  Probe  
  14  0:19  Pylon  
  14  0:25  Probe  
  15  0:33  Probe  
  15  0:39  Gateway  
  15  0:41  Probe  
  17  0:51  Probe  
  17  0:56  Gateway  
  18  1:03  Probe  
  19  1:05  Assimilator  
  19  1:10  Assimilator  
  19  1:16  Probe  
  20  1:26  Cybernetics Core  
  20  1:28  Probe  
  21  1:36  Pylon  
  21  1:40  Probe  
  22  1:52  Probe  
  22  1:53  Stalker x2  
  23  2:04  Warp Gate  
  27  2:22  Stalker  
  27  2:23  Stalker  
  27  2:28  Pylon  
  31  2:52  Stalker  
  31  2:53  Stalker  
  35  3:22  Stalker x2  
  37  3:34  Nexus  
  33  3:47  Gateway  
  33  3:57  Twilight Council  
  33  4:07  Stalker x2  
Show
View Real Time Build Order
Export as new Build Order

OldFart Terran - Winner!

Build Orders:  

Get SALT Encoding   

  12  0:00  SCV  
  13  0:13  SCV  
  14  0:19  Supply Depot  
  14  0:25  SCV  
  15  0:40  SCV  
  16  0:45  Barracks  
  16  0:46  Refinery  
  16  0:53  SCV  
  17  0:57  Refinery  
  17  1:05  SCV  
  18  1:17  SCV  
  19  1:32  Barracks Tech Lab  
  19  1:33  Orbital Command  
  19  1:39  Factory  
  19  1:51  Marauder  
  21  1:55  Supply Depot  
  21  2:00  Concussive Shells  
  21  2:12  SCV  
  22  2:17  Marauder  
  24  2:23  Factory Tech Lab  
  24  2:24  SCV  
  25  2:33  Supply Depot  
  25  2:38  Marauder  
  25  2:41  Siege Tank  
  30  2:54  SCV  
  31  2:59  Marauder  
  33  3:13  Siege Tank  
  36  3:21  Marauder  
  38  3:29  Command Center  
  36  3:36  SCV  
  37  3:42  Marauder  
  39  3:50  Starport  
  39  3:53  Supply Depot  
Show
View Real Time Build Order
Export as new Build Order

PureLegacy Terran - Winner!

Build Orders:  

Get SALT Encoding   

  12  0:00  SCV  
  13  0:13  SCV  
  14  0:18  Supply Depot  
  14  0:25  SCV  
  15  0:30  Refinery  
  15  0:40  SCV  
  16  0:48  Barracks  
  16  0:52  SCV  
  17  1:03  Barracks  
  17  1:17  Barracks  
  17  1:21  SCV  
  18  1:35  Reaper  
  19  1:40  Orbital Command  
  19  1:49  Refinery  
  19  1:54  Reaper  
  20  2:01  Supply Depot  
  20  2:04  Reaper  
  21  2:10  Reaper  
  22  2:19  SCV  
  23  2:26  Supply Depot, Reaper  
  24  2:38  Reaper, Bunker  
  24  2:43  Reaper  
  26  2:58  Reaper  
  27  3:05  Barracks  
  27  3:06  Barracks  
  27  3:07  Supply Depot  
  27  3:13  Reaper  
  28  3:30  Reaper  
  28  3:32  Reaper  
  28  3:41  SCV  
  30  3:53  SCV  
Tags
 
Add a new tag
Caveats
  • Supply blocks, unpowered buildings, or Contaminate may cause inaccurate times.
  • Supply counts are checked every 10 seconds.